 Dungeon Crawl Stone Soup version 0.16.2-2-g470672f (webtiles) character file.

117 CrazyArbalest the Bolt Thrower (level 4, 0/37 HPs)
             Began as a Centaur Hunter on Aug 22, 2015.
             Succumbed to poison (a potion of poison)
             ... on level 3 of the Dungeon.
             The game lasted 00:09:30 (2767 turns).

CrazyArbalest the Bolt Thrower (Centaur Hunter)     Turns: 2767, Time: 00:09:30

Health: 0/37       AC:  5    Str: 14    XL:     4   Next: 71%
Magic:  3/3        EV: 14    Int: 12    God:
Gold:   148        SH:  0    Dex: 16    Spells: 0 memorised, 3 levels left

rFire  . . .     SeeInvis .     a - +0 war axe (chop)
rCold  . . .     Clarity  .     s - +0 ring mail
rNeg   . . .     SustAb   .     (no shield)
rPois  .         Gourm    .     (no helmet)
rElec  .         Spirit   .     (no cloak)
rCorr  .         Warding  .     (no gloves)
rMut   .         Stasis   .     (no barding)
MR     .....                    (no amulet)
Stlth  ++........               (no ring)
                                (no ring)

@: agile, lethally poisoned (0 -> -13), very slightly contaminated, invisible,
very quick, not resistant to hostile enchantments, unstealthy
A: hooves 3, clever 1, deformed body, speed 2, screaming 2, tough skin 3
a: no special abilities


You were on level 3 of the Dungeon.
You were hungry.

You visited 1 branch of the dungeon, and saw 3 of its levels.

You collected 148 gold pieces.

Inventory:

Hand weapons
 a - a +0 war axe of chopping (weapon)
 b - a +1 hand crossbow
 r - a +0 dagger of venom
 y - a +0 whip
 z - a +0 flail
Missiles
 c - 17 bolts
Armour
 d - a +0 leather armour
 s - a +0 ring mail (worn)
Jewellery
 m - a cursed ring of teleportation {unknown}
 o - an uncursed ring of see invisible {unknown}
 v - an uncursed ring of see invisible {unknown}
Scrolls
 e - a scroll of enchant armour {unknown}
 h - 5 scrolls of identify {unknown}
 j - a scroll of amnesia {unknown}
 k - 2 scrolls of blinking {unknown}
 l - 2 scrolls of magic mapping {unknown}
 n - 3 scrolls of remove curse {unknown}
 q - a scroll of enchant weapon {unknown}
 u - a scroll of fog {unknown}
 x - a scroll of random uselessness {unknown}
Comestibles
 f - 3 bread rations
 t - a chunk of flesh


   Skills:
 + Level 2.3 Fighting
 + Level 0.5 Maces & Flails
 * Level 5.7 Crossbows
 + Level 0.8 Armour
 + Level 2.1 Dodging
 + Level 0.6 Stealth


You had 3 spell levels left.
You didn't know any spells.

Dungeon Overview and Level Annotations

Branches:
Dungeon (3/15)

Altars:
Vehumet


Innate Abilities, Weirdness & Mutations

You have hooves in place of feet.
Armour fits poorly on your strangely shaped body.
You cover ground very quickly.
You have extremely tough skin (AC +3).
Your mind is acute. (Int +2)
You sometimes yell uncontrollably at your foes.


Message History

It was a potion of poison.
That liquid tasted very nasty...
You are lethally poisoned!
* * * LOW HITPOINT WARNING * * *
You feel sick. The orc hits you but does no damage.
Drink which item? (? for menu, Esc to quit)
It was a potion of mutation.
You feel extremely strange.
You feel the urge to shout.
You feel a strong urge to yell.
You feel clever.
* * * LOW HITPOINT WARNING * * *
You feel sick. The orc hits you but does no damage.
Drink which item? (? for menu, Esc to quit)
It was a potion of invisibility.
You fade into invisibility!
* * * LOW HITPOINT WARNING * * *
You feel sick. The orc closely misses you.
You are very lightly contaminated with residual magic.
Drink which item? (? for menu, Esc to quit)
It was a potion of agility.
You feel agile all of a sudden.
You die...

#### #....####### ...#
###.........# ...#
#...#####. ...# #...##
...# ##...# ...# #...#
...####### #...#
.........#########o..#
................@oo..#
............########.##
.....................>#
.....###....###########
.....# #....# .....#
#....# .....# #....#
.....# #....# ...###
#....#


You could see an orc priest and 2 orcs.

Vanquished Creatures
  An orc priest (D:3)
  3 gnolls (D:2)
  7 orcs (D:3)
  A ball python (D:1)
  6 bats
  2 giant cockroaches
  6 goblins
  7 hobgoblins
  A quokka (D:2)
  A giant gecko (D:2)
  2 giant newts
  5 kobolds
  6 rats
48 creatures vanquished.

Notes
Turn   | Place    | Note
--------------------------------------------------------------
     0 | D:1      | CrazyArbalest, the Centaur Hunter, began the quest for the Orb.
     0 | D:1      | Reached XP level 1. HP: 17/17 MP: 1/1
   596 | D:1      | Reached XP level 2. HP: 19/24 MP: 2/2
   702 | D:1      | Reached skill level 5 in Crossbows
  1421 | D:2      | Reached XP level 3. HP: 25/29 MP: 3/3
  1776 | D:2      | Found a radiant altar of Vehumet.
  2270 | D:3      | Reached XP level 4. HP: 22/37 MP: 3/3
  2765 | D:3      | Gained mutation: You occasionally shout uncontrollably at your foes. [potion of mutation]
  2765 | D:3      | Gained mutation: You sometimes yell uncontrollably at your foes. [potion of mutation]
  2765 | D:3      | Gained mutation: Your mind is acute. (Int +2) [potion of mutation]
  2767 | D:3      | Succumbed to poison (a potion of poison)

Action                   |  1- 3 |  4- 6 || total
-------------------------+-------+-------++-------
Melee: Short sword       |    18 |       ||    18
       Club              |    65 |       ||    65
       Whip              |    39 |    20 ||    59
       War axe           |       |    25 ||    25
 Fire: Hand crossbow     |    11 |     8 ||    19
  Use: Potion            |       |     4 ||     4
  Eat: Chunk             |     3 |     1 ||     4
